 Dungeon Crawl Stone Soup version bcrawl-1.23 (webtiles) character file.

Game seed: 574048295757850400

314 Morbidden the Ducker (level 6, -3/52 HPs)
             Began as a Minotaur Archaeologist on May 30, 2020.
             Killed from afar by an orc wizard (4 damage)
             ... with a magic dart
             ... on level 4 of the Dungeon.
             The game lasted 00:04:51 (3372 turns).

Morbidden the Ducker (Minotaur Archaeologist)       Turns: 3372, Time: 00:04:51

Health: -3/52      AC:  9    Str: 17    XL:     6   Next: 19%
Magic:  5/5        EV: 12    Int: 11    God:
Gold:   213        SH:  0    Dex:  9    Spells: 5/5 levels left

rFire    . . .     SeeInvis .   b - +4 broad axe (elec)
rCold    . . .     Gourm    .   (no shield)
rNeg     . . .     Faith    .   q - +0 ring mail
rPois    .         Spirit   .   c - +1 hat
rElec    .         Reflect  .   u - +0 cloak
rCorr    .         Harm     .   (no gloves)
MR       .....                  d - +1 pair of boots
Stlth    ..........             (no amulet)
HPRegen  0.17/turn              (no ring)
MPRegen  0.09/turn              (no ring)

@: confused
A: retaliatory headbutt, horns 2
a: no special abilities


You were on level 4 of the Dungeon.
You were not hungry.

You visited 1 branch of the dungeon, and saw 4 of its levels.

You collected 213 gold pieces.

Inventory:

Hand Weapons
 b - a +4 broad axe of electrocution (weapon)
Armour
 c - a +1 hat (worn)
 d - a +1 pair of boots (worn)
 q - a +0 ring mail (worn)
 u - a +0 cloak (worn)
Jewellery
 t - an uncursed ring of poison resistance {unknown}
Scrolls
 a - a scroll of amnesia {unknown}
 f - a scroll of immolation {unknown}
 g - a scroll of magic mapping
 h - a scroll of noise {unknown}
 i - 3 scrolls of blinking {unknown}
 k - 2 scrolls of remove curse {unknown}
 l - a scroll of fog {unknown}
 m - 2 scrolls of enchant weapon {unknown}
 n - 4 scrolls of enchant armour {unknown}
 o - 4 scrolls of identify {unknown}
 v - a scroll of teleportation {unknown}
Potions
 j - 2 potions of lignification
 p - a potion of degeneration {unknown}
 r - a potion of heal wounds {unknown}
 w - a potion of magic {unknown}
Comestibles
 e - 5 rations {!d}


   Skills:
 * Level 3.7 Fighting
 + Level 1.9(2.7) Axes
   Level 3.0(3.3) Maces & Flails
 + Level 1.3 Armour
 + Level 4.6 Dodging
 + Level 3.8 Stealth


You had 5 spell levels left.
You didn't know any spells.
Your spell library was empty.

Dungeon Overview and Level Annotations

Branches:
Dungeon (4/12)
 Temple: D:4-7

Altars:
Cheibriados
Dithmenos
Gozag
Kikubaaqudgha
Lugonu
Okawaru
Xom
The Shining One

Annotations:
D:4 Blork the orc, Menkaure


Innate Abilities, Weirdness & Mutations

You reflexively headbutt those who attack you in melee.
You have a pair of horns on your head.


Message History

A magic dart appears from out of thin air!
The magic dart hits you.
* * * LOW HITPOINT WARNING * * *
A puff of flame appears from out of thin air!
The puff of flame hits you!
* * * LOW HITPOINT WARNING * * *
There is a stone staircase leading up here.
You are confused.
In your confused state, you trip and fall back down the stairs.
* * * LOW HITPOINT WARNING * * *
A puff of flame appears from out of thin air!
The puff of flame hits you.
* * * LOW HITPOINT WARNING * * *
No path to travel!
No path to travel!
Unknown command.
Unknown command.
A magic dart appears from out of thin air!
The magic dart hits you.
You die...

#...#[...#
#..o###
#.#oo###
#o##ooo#
#. ###{#
#. #.# .M
#.# .# #.#
. #@# #.#
#.# #.#
#.# #.#
#.. ##.


You could see Blork the orc and an orc.

Vanquished Creatures
  A hound (D:3)
  2 orc priests
  2 orc wizards (D:3)
  An iguana (D:3)
  4 adders
  3 gnolls (D:3)
  A worm (D:2)
  A dart slug (D:2)
  7 leopard geckos
  4 orcs
  2 giant cockroaches
  8 goblins
  9 hobgoblins
  A jackal (D:1)
  A quokka (D:2)
  A ball python (D:2)
  5 bats
  4 frilled lizards
  5 kobolds
  3 rats
65 creatures vanquished.

Notes
Turn   | Place    | Note
-------+----------+-------------------------------------------
     0 | D:1      | Morbidden the Minotaur Archaeologist began the quest for
                  | the Orb.
     0 | D:1      | Reached XP level 1. HP: 16/16 MP: 0/0
   152 | D:1      | Reached XP level 2. HP: 22/23 MP: 1/1
   659 | D:1      | Reached XP level 3. HP: 25/29 MP: 2/2
  1007 | D:2      | Reached skill level 4 in Dodging
  2071 | D:3      | Reached XP level 4. HP: 35/36 MP: 3/3
  2191 | D:3      | Reached XP level 5. HP: 24/44 MP: 4/4
  2191 | D:3      | Identified a scroll of acquirement
  2192 | D:3      | Identified the +0 pair of boots "Baut" {Int+3} (You
                  | acquired it on level 3 of the Dungeon)
  2192 | D:3      | Identified the ring "Ughaemma" {Int+6 Dex+2} (You acquired
                  | it on level 3 of the Dungeon)
  2545 | D:3      | Reached skill level 1 in Axes
  2545 | D:3      | Reached skill level 1 in Armour
  3062 | D:3      | Reached XP level 6. HP: 40/52 MP: 5/5
  3124 | D:3      | Found an opulent altar of Gozag.
  3305 | D:3      | Found an iron altar of Okawaru.
  3307 | D:3      | Found a snail-covered altar of Cheibriados.
  3307 | D:3      | Found a shadowy altar of Dithmenos.
  3308 | D:3      | Found a shimmering altar of Xom.
  3310 | D:3      | Found a glowing golden altar of the Shining One.
  3311 | D:3      | Found an ancient bone altar of Kikubaaqudgha.
  3312 | D:3      | Found a corrupted altar of Lugonu.
  3357 | D:4      | Noticed Blork the orc
  3359 | D:4      | Noticed Menkaure
  3371 | D:4      | HP: 1/52 [something/puff of flame (3)]
  3372 | D:4      | Killed from afar by an orc wizard

Skill      XL: |  1  2  3  4  5 |
---------------+----------------+-----
Stealth        | 3 |  3.8
Dodging        | 4 |  4.6
Fighting       | 2 3 |  3.7
Maces & Flails | 2 3 |  3.0
Axes           | 1 |  1.9
Armour         | 1 |  1.3

Action                   |  1- 3 |  4- 6 || total
-------------------------+-------+-------++-------
Melee: Whip              |   129 |    43 ||   172
       Headbutt          |    13 |     7 ||    20
       Broad axe         |       |    45 ||    45
  Use: Potion            |       |     1 ||     1
       Scroll            |       |     1 ||     1
 Stab: Sleeping          |    12 |     1 ||    13
  Eat: Chunk             |     3 |     5 ||     8
Armor: Robe              |    38 |       ||    38
       Skin              |       |    31 ||    31
       Ring mail         |       |    26 ||    26
Dodge: Dodged            |    75 |    47 ||   122
